Map: [TLMC15] Glittering Ashes

Players

Maru

  • Race: Terran Terran

Dark - Winner!

  • Race: Zerg Zerg

Event: DreamHack SC2 Masters 2021 Winter

VOD

Have the link to the VOD?

Description

Time

  • Played on: Nov. 13, 2021, 10:41 a.m.
  • Length: 9:06

All games in this series

Show
View Real Time Build Order
Export as new Build Order

Maru Terran 

Build Orders: Reaper Expand 

Get SALT Encoding   

  12  0:00  SCV  
  13  0:12  SCV  
  14  0:17  Supply Depot  
  14  0:24  SCV  
  15  0:39  SCV  
  15  0:40  Barracks  
  16  0:44  Refinery  
  16  0:51  SCV  
  17  1:03  SCV  
  18  1:15  SCV  
  19  1:27  Reaper, Orbital Command  
  20  1:38  Command Center  
  20  1:49  Barracks  
  20  1:53  SCV  
  21  2:00  Barracks Reactor  
  21  2:05  SCV  
  22  2:09  Supply Depot  
  22  2:13  Refinery  
  22  2:17  SCV  
  23  2:30  SCV  
  24  2:37  Barracks Tech Lab  
  24  2:38  Marine x2  
  24  2:43  Factory  
  24  2:44  SCV  
  27  2:51  Orbital Command  
  27  2:56  SCV  
  27  2:57  Marine x2  
  27  2:58  Marine  
  30  3:02  Stimpack  
  31  3:08  SCV  
  32  3:15  Marine x2  
  32  3:17  SCV  
  32  3:19  Marine  
  36  3:20  SCV  
  37  3:29  Supply Depot, SCV  
  37  3:32  Starport  
  37  3:33  Marine  
  39  3:36  Factory Reactor  
  39  3:37  SCV  
  40  3:42  SCV  
  40  3:43  Marine x2  
  43  3:50  SCV  
  43  3:51  Marine  
  43  3:52  Supply Depot  
  43  3:54  SCV  
  46  4:00  Marine  
  46  4:01  Marine  
  46  4:02  SCV  
  49  4:07  SCV  
  49  4:09  Marine  
  51  4:15  SCV  
  52  4:18  Supply Depot  
  52  4:20  Medivac  
  52  4:21  Medivac  
  52  4:22  SCV  
  57  4:25  Marine x2  
  57  4:27  SCV  
  60  4:34  SCV  
  60  4:37  Command Center  
  61  4:40  SCV  
  61  4:41  Combat Shield  
  61  4:45  Supply Depot, Marine x2  
  64  4:46  SCV  
  64  4:52  SCV  
  66  4:56  Supply Depot  
  66  4:58  SCV  
  67  5:00  Marine  
  67  5:02  Marine  
  67  5:03  Marine  
  67  5:06  Widow Mine, Medivac, SCV  
  75  5:08  Refinery  
  75  5:10  SCV, Refinery, Armory  
  76  5:18  SCV  
  76  5:20  Marine x2  
  79  5:22  SCV  
  79  5:30  Factory, SCV, Factory Tech Lab  
  79  5:35  SCV  
  81  5:38  Starport Reactor  
  81  5:42  SCV  
  81  5:43  Marine  
  81  5:46  Marine x2  
  85  5:50  Siege Tank, Orbital Command  
  85  5:55  Engineering Bay  
  85  5:56  Engineering Bay  
  88  5:58  SCV, Drilling Claws  
  88  6:03  Marine x3  
  92  6:08  SCV  
  92  6:10  Supply Depot, SCV  
  94  6:21  Widow Mine, Marine x2, Orbital Command  
  94  6:22  Widow Mine  
  100  6:28  Supply Depot  
  100  6:29  SCV  
  100  6:32  Widow Mine, Medivac x2  
  106  6:34  SCV  
  106  6:36  Terran Infantry Weapons Level 1, Terran Infantry Armor Level 1  
  106  6:38  Supply Depot  
  105  6:41  SCV  
  105  6:45  Widow Mine  
  108  6:48  SCV  
  108  6:49  Widow Mine  
  108  6:52  SCV  
  108  6:53  Widow Mine  
  114  6:55  Supply Depot  
  114  6:58  SCV  
  114  7:00  SCV  
  116  7:04  SCV  
  117  7:11  Widow Mine x2  
  117  7:14  SCV  
  117  7:15  Siege Tank  
  125  7:16  Supply Depot  
  125  7:19  SCV  
  125  7:20  SCV  
  127  7:25  Medivac x2  
  127  7:26  SCV  
  127  7:28  Supply Depot  
  132  7:31  SCV  
  133  7:37  Barracks x2  
  133  7:38  Widow Mine, Barracks  
  133  7:40  SCV  
  133  7:42  Supply Depot  
  133  7:43  SCV  
  129  7:45  SCV  
  130  7:52  SCV  
  130  7:55  Supply Depot, SCV  
  130  7:58  Marine x2  
  132  7:59  SCV  
  132  8:04  SCV  
  136  8:11  SCV x2, Command Center  
  135  8:13  Widow Mine, Medivac  
  135  8:17  SCV  
  134  8:21  Marine x3  
  134  8:23  SCV  
  123  8:29  SCV  
  123  8:33  Orbital Command  
  98  8:35  SCV  
  98  8:37  Widow Mine  
  98  8:38  Widow Mine  
  98  8:39  Marine x2  
  81  8:41  SCV  
  81  8:43  Widow Mine  
  81  8:48  SCV  
  75  8:53  SCV  
  74  9:00  Barracks Reactor  
Show
View Real Time Build Order
Export as new Build Order

Dark Zerg - Winner!

Build Orders: Hatch First 

Get SALT Encoding   

  12  0:00  Drone  
  13  0:12  Overlord  
  13  0:16  Drone  
  14  0:30  Drone x2  
  16  0:47  Hatchery  
  15  0:50  Drone  
  15  0:54  Drone  
  17  1:01  Drone  
  18  1:09  Extractor  
  17  1:15  Spawning Pool  
  17  1:16  Drone  
  17  1:20  Drone  
  18  1:28  Drone  
  19  1:39  Drone  
  20  1:50  Drone  
  21  2:01  Queen  
  21  2:02  Zergling x4, Queen  
  27  2:11  Zergling x2  
  27  2:13  Overlord  
  28  2:21  Hatchery  
  27  2:23  Drone  
  28  2:34  Drone x2  
  30  2:38  Drone  
  30  2:42  Queen  
  33  2:46  Metabolic Boost  
  33  2:52  Overlord  
  33  2:54  Drone  
  33  2:58  Drone x2  
  36  3:10  Drone  
  36  3:11  Drone  
  38  3:13  Drone x2  
  38  3:17  Queen  
  38  3:18  Overlord  
  42  3:22  Drone x2  
  44  3:33  Queen, Overlord  
  46  3:34  Drone  
  48  3:41  Drone x3  
  48  3:45  Drone  
  48  3:48  Drone x4  
  54  3:52  Drone x2  
  54  3:54  Drone x2  
  59  4:00  Queen  
  61  4:03  Drone x2  
  61  4:06  Extractor  
  62  4:10  Evolution Chamber  
  62  4:12  Drone x2  
  62  4:13  Drone  
  62  4:15  Evolution Chamber  
  64  4:17  Drone x2  
  65  4:24  Drone  
  65  4:25  Overlord  
  65  4:28  Overlord  
  66  4:38  Overlord  
  66  4:39  Zerg Melee Weapons Level 1  
  66  4:40  Overlord  
  66  4:46  Queen  
  66  4:47  Zergling x12  
  66  4:48  Zerg Ground Armor Level 1  
  74  4:55  Overlord  
  74  4:56  Overlord  
  74  4:58  Zergling x4  
  76  5:01  Zergling x4  
  76  5:04  Zergling x4  
  80  5:08  Drone x3  
  80  5:09  Drone x2, Lair  
  80  5:14  Drone, Zergling x4  
  86  5:26  Overlord  
  86  5:31  Drone x4, Extractor x2  
  86  5:33  Baneling Nest  
  86  5:34  Hatchery  
  86  5:36  Zergling x10  
  86  5:39  Drone x3  
  94  5:46  Drone x2  
  94  5:48  Hatchery  
  94  5:49  Zergling x2  
  96  5:53  Zergling x2  
  96  5:56  Zergling x2  
  98  6:00  Zergling x8  
  98  6:04  Zergling x2  
  103  6:07  Spore Crawler  
  103  6:08  Spore Crawler  
  103  6:09  Zergling x4  
  103  6:16  Zergling x2, Centrifugal Hooks  
  104  6:20  Zergling x2  
  104  6:22  Overseer  
  104  6:23  Overlord  
  104  6:24  Overlord x2  
  97  6:34  Zergling x2  
  97  6:35  Zergling x14  
  97  6:37  Spore Crawler  
  97  6:39  Zerg Melee Weapons Level 2  
  104  6:41  Zergling x2  
  104  6:42  Zergling x2, Zerg Ground Armor Level 2  
  106  6:49  Zergling x6  
  106  6:51  Overseer  
  109  6:56  Zergling x8  
  109  6:59  Baneling x3  
  113  7:07  Drone x4  
  113  7:08  Drone  
  115  7:11  Drone x3  
  115  7:12  Drone x2  
  115  7:13  Baneling  
  115  7:14  Baneling x2  
  120  7:17  Drone x2  
  120  7:21  Infestation Pit, Baneling x4  
  121  7:23  Zergling x20  
  121  7:29  Spore Crawler  
  130  7:35  Zergling x14  
  130  7:36  Baneling x2  
  132  7:47  Zergling x18  
  132  7:51  Baneling x8  
  141  7:53  Spore Crawler  
  141  7:54  Drone x2, Overlord  
  142  7:59  Overlord  
  142  8:05  Baneling x3  
  142  8:09  Zergling x8  
  130  8:20  Zergling x18  
  130  8:22  Zergling x16  
  130  8:25  Zergling x2  
  136  8:28  Zergling x6  
  136  8:29  Zergling x2  
  132  8:34  Zergling x8  
  132  8:40  Zergling x6  
  126  8:44  Drone  
  126  8:45  Drone x2  
  126  8:47  Drone x3  
  114  8:49  Drone x2  

Tags
 
Add a new tag
Caveats
  • Supply blocks, unpowered buildings, or Contaminate may cause inaccurate times.
  • Supply counts are checked every 10 seconds.